 Dungeon Crawl Stone Soup version 0.29-a0-96-g93358da72b (webtiles) character file.

Game seed: 11888982948031664825

197 enile the Ducker (level 6, -1/40 HPs)
             Began as a Djinni Fire Elementalist on Feb 10, 2022.
             Was an Elder of Jiyva.
             Slain by a scorpion (8 damage)
             ... on level 4 of the Dungeon.
             The game lasted 00:02:46 (2251 turns).

enile the Ducker (Djinni Fire Elementalist)         Turns: 2251, Time: 00:02:46

Health: -1/40      AC:  2    Str:  7    XL:     6   Next: 5%
Gold:   67         EV: 13    Int: 19    God:    Jiyva [****..] SH:  0 Dex: 13

rFire   + + .      SeeInvis .   j - +2 whip (drain)
rCold   x . .      Faith    .   (no shield)
rNeg    . . .      Spirit   .   a - +0 robe
rPois   ∞          Reflect  .   (no helmet)
rElec   .          Harm     .   (no cloak)
rCorr   +          Rampage  .   (no gloves)
Will    .....                   (boots unavailable)
Stlth   ++........              (no amulet)
HPRegen 1.41/turn               (no ring)
MPRegen 0.00/turn               (no ring)

@: flying
A: sickness immunity, fire resistance 2, cold vulnerability 1, float, innate
caster, HP casting, extra vitality 1, sturdy frame 3, engulf
a: Renounce Religion, Oozemancy, Slimify


You were on level 4 of the Dungeon.
You worshipped Jiyva.
Jiyva was greatly pleased with you.
You visited 1 branch of the dungeon, and saw 4 of its levels.

You collected 67 gold pieces.

Inventory:

Hand Weapons
 g - a +0 whip
 j - a +2 whip of draining (weapon)
 k - a +0 arbalest
 l - a +2 dagger of speed
Missiles
 m - 4 curare-tipped darts
Armour
 a - a +0 robe (worn)
Jewellery
 i - the ring "Alua" {rPois rCorr}
   (You found it on level 2 of the Dungeon)

   [ring of poison resistance]

   rPois:     It protects you from poison.
   rCorr:     It protects you from acid and corrosion.
Scrolls
 b - a scroll of fog {unknown}
 c - 2 scrolls of teleportation {unknown}
 d - a scroll of immolation {unknown}
 f - 3 scrolls of torment {unknown}
 h - a scroll of brand weapon {unknown}
Potions
 e - a potion of lignification {unknown}


   Skills:
 + Level 0.2 Fighting
 - Level 4.0 Dodging
 - Level 3.2 Stealth
 - Level 3.4 Spellcasting


You couldn't memorise any spells.
You knew the following spells:

 Your Spells              Type           Power      Damage    Failure   Level
a - Foxfire               Conj/Fire      64%        2x1d7     3%          1
b - Scorch                Fire           32%        2d6       5%          2
c - Conjure Flame         Conj/Fire      16%        6-21      11%         3
d - Inner Flame           Hex/Fire       16%        N/A       11%         3
e - Flame Wave            Conj/Fire      16%        2d6       34%         4
f - Magic Dart            Conj           64%        1d6       3%          1
g - Wereblood             Tmut           16%        N/A       5%          2
Your spell library was empty.

Dungeon Overview and Level Annotations

Branches:
Dungeon (4/15)
 Temple: D:4-7

Altars:
Jiyva


Innate Abilities, Weirdness & Mutations

You are immune to sickness and miasma.
You are immune to poison.
Your flesh is very heat resistant. (rF++)
You are vulnerable to cold. (rC-)
You float through the air rather than walking.
You learn spells naturally, not from books.
Your magical power is your life essence.
You have superior vitality. (+4 MHP)
Your movements are significantly less encumbered by armour. (ER -6)
Your melee attacks may engulf your foes in ooze.


Message History

You miscast Scorch.
You are very lightly contaminated with residual magic.
Nothing appears to happen.
The scorpion stings you. The scorpion closely misses you.
Casting: Scorch (safe; 5% risk of failure)
Confirm with . or Enter, or press ? or * to list all spells.
Flames lash the scorpion but do no damage.
The scorpion stings you! The scorpion stings you.
Casting: Scorch (safe; 5% risk of failure)
Confirm with . or Enter, or press ? or * to list all spells.
Flames lash the scorpion.
The scorpion is lightly wounded.
The scorpion's fire resistance burns away.
The scorpion stings you! The scorpion stings you.
Casting: Scorch (safe; 5% risk of failure)
Confirm with . or Enter, or press ? or * to list all spells.
Flames lash the scorpion.
The scorpion is burned terribly!
The scorpion is moderately wounded.
The scorpion misses you. The scorpion closely misses you.
The scorpion stings you!
Casting: Scorch (safe; 5% risk of failure)
Confirm with . or Enter, or press ? or * to list all spells.
Flames lash the scorpion.
The scorpion is burned terribly!
The scorpion is heavily wounded.
The scorpion barely misses you.
Your magical contamination has completely faded away.
The scorpion stings you.
* * * LOW HITPOINT WARNING * * *
Casting: Scorch (safe; 5% risk of failure)
Confirm with . or Enter, or press ? or * to list all spells.
Flames lash the scorpion.
The scorpion is burned terribly!
The scorpion is heavily wounded.
* * * LOW HITPOINT WARNING * * *
The scorpion barely misses you. The scorpion stings you.
* * * LOW HITPOINT WARNING * * *
The scorpion stings you!
You die...

##.......#
##.........
#####..........
......<.......
#............
#............
#..).........
#...@s.)....
##..........
####.......
###.... ###


You could see a scorpion (combustible).

Vanquished Creatures
  A kobold brigand (D:3)
  An iguana (D:3)
  A gnoll (D:1)
  5 adders
  2 dart slugs (D:3)
  5 bats
  A giant cockroach (D:3)
  2 goblins
  A hobgoblin (D:3)
  3 jackals (D:1)
  2 quokkas
  8 ball pythons
  11 kobolds
  5 rats
48 creatures vanquished.

Vanquished Creatures (others)
  Jessica (D:2)
  A worm (D:2)
  A hobgoblin (D:3)
  A quokka (D:2)
  A ball python (D:3)
  A frilled lizard (D:3)
  A rat (D:3)
  119 foxfires
126 creatures vanquished.

Grand Total: 174 creatures vanquished

Notes
Turn   | Place    | Note
-------+----------+-------------------------------------------
     0 | D:1      | enile the Djinni Fire Elementalist began the quest for the
                  | Orb.
     0 | D:1      | Reached XP level 1. HP: 15/15 MP: 0/0
   227 | D:1      | Found a faded altar of an unknown god.
   412 | D:1      | Prayed at the altar of an unknown god.
   412 | D:1      | Became a worshipper of Jiyva Jani the Shapeless
   412 | D:1      | Reached * piety under Jiyva
   485 | D:1      | Reached XP level 2. HP: 21/21 MP: 0/0
   671 | D:1      | Reached XP level 3. HP: 24/25 MP: 0/0
   671 | D:1      | Learned a level 1 spell: Magic Dart
   724 | D:1      | Reached ** piety under Jiyva
  1111 | D:2      | Killed Jessica
  1139 | D:2      | Identified the ring "Alua" {rPois rCorr}
  1159 | D:2      | Reached skill level 3 in Dodging
  1204 | D:2      | Reached *** piety under Jiyva
  1261 | D:2      | Reached XP level 4. HP: 30/31 MP: 0/0
  1827 | D:3      | Gained mutation: Your movements are slightly less
                  | encumbered by armour. (ER -2) [Jiyva's grace]
  1827 | D:3      | Gained mutation: Your movements are less encumbered by
                  | armour. (ER -4) [Jiyva's grace]
  1827 | D:3      | Gained mutation: Your movements are significantly less
                  | encumbered by armour. (ER -6) [Jiyva's grace]
  1827 | D:3      | Gained mutation: Your melee attacks may engulf your foes in
                  | ooze. [Jiyva's grace]
  1892 | D:3      | Noticed a kobold brigand
  1905 | D:3      | Killed a kobold brigand
  1906 | D:3      | Reached XP level 5. HP: 30/35 MP: 0/0
  1906 | D:3      | Learned a level 2 spell: Wereblood
  1994 | D:3      | Reached skill level 4 in Dodging
  1994 | D:3      | Reached XP level 6. HP: 39/40 MP: 0/0
  2065 | D:3      | Reached **** piety under Jiyva
  2251 | D:4      | Slain by a scorpion

Illustrated notes

Levels and vault maps discovered:
D:1:      dpeg_arrival_tiny_j, layout_basic,
          dreamdust_ecumenical_altar_angels_and_demons
D:2:      layout_basic, kennysheep_jessica_study
D:3:      cheibrodos_thug_alley, layout_basic
D:4:      layout_cave_pods, uniq_crazy_yiuf_cottage, uniq_natasha

Skill      XL: |  1  2  3  4  5 |
---------------+----------------+-----
Stealth        | 2 3 |  3.2
Dodging        | 3 4 |  4.0
Spellcasting   | 3 |  3.4
Fighting       | |  0.2

Action                   |  1- 3 |  4- 6 || total
-------------------------+-------+-------++-------
 Cast: Foxfire           |    46 |    33 ||    79
       Scorch            |    12 |    21 ||    33
Armor: Robe              |     3 |     1 ||     4
Dodge: Dodged            |    17 |    10 ||    27

Table legend: (Time is in decaauts)
 A = Elapsed time spent in this place.
 B = Non-inter-level travel time spent in this place.
 C = Inter-level travel time spent in this place.
 D = Time resting spent in this place.
 E = Time spent auto-exploring this place.
 F = Levels seen in this place.
 G = Mean time per level.
                   A        B        C        D        E       F      G
               +--------+--------+--------+--------+--------+-----+--------+
         Total |   2249 |   2165 |     84 |      0 |   1836 |   4 |  562.2 |
       Dungeon |   2249 |   2165 |     84 |      0 |   1836 |   4 |  562.2 |
               +--------+--------+--------+--------+--------+-----+--------+

Top non-repeatable levels by time:
     D:1: 895 daAuts
     D:2: 708 daAuts
     D:3: 630 daAuts
     D:4: 14 daAuts
